| TOP OF THE 1ST |
|
Durham Bulls batting - Pitching for Tacoma Rainiers : RHP Jose Albarran
|
|
Pitching: RHP Jose Albarran
|
|
|
Batting: RHB Sesto Carpini
|
0-0: Called Strike 0-1: Called Strike 0-2: Ball 1-2: Foul Ball, location: 2F 1-2: Ball 2-2: Strikes out swinging
|
|
Batting: RHB Alex Diaz
|
0-0: Foul Ball, location: 2F 0-1: Ball 1-1: Ball 2-1: Foul Ball, location: 2F 2-2: Ball 3-2: Ground out 5-3 (Groundball, 5L, EV 79.4 MPH)
|
|
Batting: LHB Davion Lewis
|
0-0: Ball 1-0: Ball 2-0: Swinging Strike 2-1: Called Strike 2-2: Strikes out swinging
|
| Top of the 1st over - 0 runs, 0 hits, 0 errors, 0 left on base; Durham 0 - Tacoma 0 |
| BOTTOM OF THE 1ST |
|
Tacoma Rainiers batting - Pitching for Durham Bulls : RHP Ken Vandercook
|
|
Pitching: RHP Ken Vandercook
|
|
|
Batting: LHB Addisu Nyamekye
|
0-0: Called Strike 0-1: Called Strike 0-2: Foul Ball, location: 2F 0-2: Ground out 5-3 (Groundball, 56S, EV 91.9 MPH)
|
|
Batting: SHB Isaiah Cherry
|
0-0: Called Strike 0-1: Fly out, F7 (Line Drive, 78M, EV 106.9 MPH)
|
|
Batting: RHB Chris Skaff
|
0-0: Fly out, F9 (Flyball, 9S, EV 91.2 MPH)
|
| Bottom of the 1st over - 0 runs, 0 hits, 0 errors, 0 left on base; Durham 0 - Tacoma 0 |
| TOP OF THE 2ND |
|
Durham Bulls batting - Pitching for Tacoma Rainiers : RHP Jose Albarran
|
|
Batting: RHB James Huddleston
|
0-0: Ground out 5-3 (Groundball, 56, EV 102.5 MPH)
|
|
Batting: RHB Jose Arriola
|
0-0: Ball 1-0: Foul Ball, location: 2F 1-1: Ground out 5-3 (Groundball, 5L, EV 103.8 MPH)
|
|
Batting: RHB Kevin Benfield
|
0-0: Foul Ball, location: 2F 0-1: Ball 1-1: Called Strike 1-2: Strikes out looking
|
| Top of the 2nd over - 0 runs, 0 hits, 0 errors, 0 left on base; Durham 0 - Tacoma 0 |
| BOTTOM OF THE 2ND |
|
Tacoma Rainiers batting - Pitching for Durham Bulls : RHP Ken Vandercook
|
|
Batting: LHB Ryan Lowe
|
0-0: DOUBLE (Line Drive, 89XD, EV 110.0 MPH)
|
|
Batting: LHB Josh Pittman
|
0-0: Called Strike 0-1: Foul Ball, location: 2F 0-2: Ball 1-2: Ball 2-2: Foul Ball, location: 2F 2-2: Ground out 4-3 (Groundball, 34D, EV 90.0 MPH) Ryan Lowe to third
|
|
Batting: RHB Zach Downs
|
0-0: Ball 1-0: Called Strike 1-1: Ball 2-1: Ball 3-1: Foul Ball, location: 2F 3-2: Strikes out looking
|
|
Batting: LHB Jawad Fahad
|
0-0: Called Strike 0-1: Ball 1-1: Called Strike 1-2: Ball 2-2: Ground out 6-3 (Groundball, 6S, EV 81.9 MPH)
|
| Bottom of the 2nd over - 0 runs, 1 hit, 0 errors, 1 left on base; Durham 0 - Tacoma 0 |
| TOP OF THE 3RD |
|
Durham Bulls batting - Pitching for Tacoma Rainiers : RHP Jose Albarran
|
|
Batting: LHB Danny Hull
|
0-0: Hit by Pitch
|
|
Batting: RHB Antonio Pacheco
|
0-0: Ball 1-0: Ball 2-0: Ball 3-0: Base on Balls Danny Hull to second
|
|
Batting: RHB Roberto Aispuro
|
0-0: Ball 1-0: Called Strike 1-1: Swinging Strike 1-2: Foul Ball, location: 9LSF, Error on foul ball, E9 1-2: SINGLE (Groundball, 5S, EV 70.6 MPH) (infield hit) Danny Hull to third Antonio Pacheco to second
|
|
Batting: RHB Sesto Carpini
|
0-0: Ball 1-0: Fly out, F9 (Line Drive, 9, EV 99.4 MPH) Runner from 3rd tags up, SCORES, throw by RF Antonio Pacheco to third
|
|
Batting: RHB Alex Diaz
|
0-0: Ball 1-0: Ball 2-0: Ball 3-0: Called Strike 3-1: Foul Ball, location: 2F 3-2: Fly out, F7 (Flyball, 7LM, EV 92.5 MPH) Runner from 3rd tags up, SCORES, throw by LF
|
|
Batting: LHB Davion Lewis
|
0-0: Ball 1-0: Fly out, F8 (Line Drive, 8RM, EV 110.0 MPH)
|
| Top of the 3rd over - 2 runs, 1 hit, 1 error, 1 left on base; Durham 2 - Tacoma 0 |
| BOTTOM OF THE 3RD |
|
Tacoma Rainiers batting - Pitching for Durham Bulls : RHP Ken Vandercook
|
|
Batting: RHB Lamberto Amicis
|
0-0: Ball 1-0: Called Strike 1-1: Called Strike 1-2: Strikes out looking
|
|
Batting: LHB Matt Hepburn
|
0-0: Ball 1-0: Ball 2-0: DOUBLE (Flyball, 78D, EV 97.5 MPH)
|
|
Batting: LHB Addisu Nyamekye
|
0-0: SINGLE (Line Drive, 9LS, EV 95.0 MPH) Matt Hepburn to third Runner from 3rd tries for Home, throw by RF and OUT! 9-2 Addisu Nyamekye to second
|
|
Batting: SHB Isaiah Cherry
|
0-0: Ball 1-0: Ball 2-0: Ball 3-0: Called Strike 3-1: SINGLE (Line Drive, 4M, EV 97.5 MPH) Addisu Nyamekye to third Runner from 3rd tries for Home, SAFE, throw by CF to home
|
|
Batting: RHB Chris Skaff
|
0-0: Ball 1-0: Ball 2-0: Called Strike 2-1: Ground out 4-3 (Groundball, 34S, EV 81.9 MPH)
|
| Bottom of the 3rd over - 1 run, 3 hits, 0 errors, 1 left on base; Durham 2 - Tacoma 1 |
| TOP OF THE 4TH |
|
Durham Bulls batting - Pitching for Tacoma Rainiers : RHP Jose Albarran
|
|
Batting: RHB James Huddleston
|
0-0: SINGLE (Flyball, 3D, EV 97.5 MPH)
|
|
Batting: RHB Jose Arriola
|
0-0: Called Strike 0-1: Swinging Strike 0-2: Grounds into double play, 1-6-3 (Groundball, 13S, EV 66.9 MPH)
|
|
Batting: RHB Kevin Benfield
|
0-0: Ball 1-0: Foul Ball, location: 2F 1-1: Ball 2-1: Ground out 4-3 (Groundball, 4, EV 86.2 MPH)
|
| Top of the 4th over - 0 runs, 1 hit, 0 errors, 0 left on base; Durham 2 - Tacoma 1 |
| BOTTOM OF THE 4TH |
|
Tacoma Rainiers batting - Pitching for Durham Bulls : RHP Ken Vandercook
|
|
Batting: LHB Ryan Lowe
|
0-0: Called Strike 0-1: Ball 1-1: Fly out, F9 (Flyball, 89M, EV 95.0 MPH)
|
|
Batting: LHB Josh Pittman
|
0-0: Ball 1-0: Called Strike 1-1: Ball 2-1: Ball 3-1: Foul Ball, location: 2F 3-2: Base on Balls
|
|
Batting: RHB Zach Downs
|
0-0: Ball 1-0: Swinging Strike 1-1: Called Strike 1-2: Ball 2-2: Strikes out swinging
|
|
Batting: LHB Jawad Fahad
|
0-0: Called Strike 0-1: Called Strike 0-2: Ball 1-2: Ground out 4-3 (Groundball, 34, EV 80.0 MPH)
|
| Bottom of the 4th over - 0 runs, 0 hits, 0 errors, 1 left on base; Durham 2 - Tacoma 1 |
| TOP OF THE 5TH |
|
Durham Bulls batting - Pitching for Tacoma Rainiers : RHP Jose Albarran
|
|
Batting: LHB Danny Hull
|
0-0: Ground out 1-3 (Groundball, P, EV 65.6 MPH)
|
|
Batting: RHB Antonio Pacheco
|
0-0: Ball 1-0: Ground out 6-3 (Groundball, 6, EV 78.1 MPH)
|
|
Batting: RHB Roberto Aispuro
|
0-0: Ball 1-0: Ball 2-0: Foul Ball, location: 2F 2-1: Fly out, F9 (Flyball, 89S, EV 82.5 MPH)
|
| Top of the 5th over - 0 runs, 0 hits, 0 errors, 0 left on base; Durham 2 - Tacoma 1 |
| BOTTOM OF THE 5TH |
|
Tacoma Rainiers batting - Pitching for Durham Bulls : RHP Ken Vandercook
|
|
Batting: RHB Lamberto Amicis
|
0-0: Ball 1-0: Ball 2-0: Ground out 5-3 (Groundball, 56, EV 88.8 MPH)
|
|
Batting: LHB Matt Hepburn
|
0-0: Swinging Strike 0-1: Swinging Strike 0-2: Strikes out swinging
|
|
Batting: LHB Addisu Nyamekye
|
0-0: Ball 1-0: Called Strike 1-1: Called Strike 1-2: Ball 2-2: Ground out 5-3 (Groundball, 56, EV 93.1 MPH)
|
| Bottom of the 5th over - 0 runs, 0 hits, 0 errors, 0 left on base; Durham 2 - Tacoma 1 |
| TOP OF THE 6TH |
|
Durham Bulls batting - Pitching for Tacoma Rainiers : RHP Jose Albarran
|
|
Batting: RHB Sesto Carpini
|
0-0: Fly out, F8 (Flyball, 8RD, EV 100.6 MPH)
|
|
Batting: RHB Alex Diaz
|
0-0: Called Strike 0-1: Ball 1-1: Called Strike 1-2: Ball 2-2: Foul Ball, location: 2F 2-2: Ball 3-2: Ground out 6-3 (Groundball, 6S, EV 88.1 MPH)
|
|
Batting: LHB Davion Lewis
|
0-0: Ball 1-0: Ball 2-0: Called Strike 2-1: Foul Ball, location: 2F 2-2: Strikes out swinging
|
| Top of the 6th over - 0 runs, 0 hits, 0 errors, 0 left on base; Durham 2 - Tacoma 1 |
| BOTTOM OF THE 6TH |
|
Tacoma Rainiers batting - Pitching for Durham Bulls : RHP Ken Vandercook
|
|
Batting: SHB Isaiah Cherry
|
0-0: Foul Ball, location: 2F 0-1: Ball 1-1: Ball 2-1: Ball 3-1: Called Strike 3-2: DOUBLE (Flyball, 8LXD, EV 109.4 MPH)
|
|
Batting: RHB Chris Skaff
|
0-0: Ball 1-0: Ball 2-0: Called Strike 2-1: Foul Ball, location: 2F 2-2: Strikes out swinging
|
|
Batting: LHB Ryan Lowe
|
0-0: Foul Ball, location: 2F 0-1: Swinging Strike 0-2: Strikes out swinging
|
|
Batting: LHB Josh Pittman
|
0-0: SINGLE (Groundball, 4MD, EV 97.5 MPH) Isaiah Cherry to third Runner from 3rd tries for Home, SAFE, throw by CF to home
|
|
Batting: RHB Zach Downs
|
0-0: Foul Ball, location: 2F 0-1: Ball 1-1: Ball 2-1: Fly out, F8 (Line Drive, 8RM, EV 90.6 MPH)
|
| Bottom of the 6th over - 1 run, 2 hits, 0 errors, 1 left on base; Durham 2 - Tacoma 2 |
| TOP OF THE 7TH |
|
Durham Bulls batting - Pitching for Tacoma Rainiers : RHP Jose Albarran
|
|
Batting: RHB James Huddleston
|
0-0: Foul Ball, location: 2F 0-1: Called Strike 0-2: Ball 1-2: Strikes out looking
|
|
Batting: RHB Jose Arriola
|
0-0: Ball 1-0: Ball 2-0: Foul Ball, location: 2F 2-1: Ball 3-1: Called Strike 3-2: Strikes out swinging
|
|
Batting: RHB Kevin Benfield
|
0-0: Fly out, F8 (Flyball, 8LM, EV 95.0 MPH)
|
| Top of the 7th over - 0 runs, 0 hits, 0 errors, 0 left on base; Durham 2 - Tacoma 2 |
| BOTTOM OF THE 7TH |
|
Tacoma Rainiers batting - Pitching for Durham Bulls : RHP Ken Vandercook
|
|
Batting: LHB Jawad Fahad
|
0-0: Ground out 6-3 (Groundball, 6, EV 93.8 MPH)
|
|
Batting: RHB Lamberto Amicis
|
0-0: Ball 1-0: Called Strike 1-1: Swinging Strike 1-2: Ball 2-2: Strikes out swinging
|
|
Batting: LHB Matt Hepburn
|
0-0: Foul Ball, location: 2F 0-1: Ball 1-1: Ball 2-1: Called Strike 2-2: Strikes out swinging
|
| Bottom of the 7th over - 0 runs, 0 hits, 0 errors, 0 left on base; Durham 2 - Tacoma 2 |
| TOP OF THE 8TH |
|
Durham Bulls batting - Pitching for Tacoma Rainiers : RHP Jose Albarran
|
|
Batting: LHB Danny Hull
|
0-0: Called Strike 0-1: Ball 1-1: Ground out 6-3 (Groundball, 4M, EV 91.9 MPH)
|
|
Batting: RHB Antonio Pacheco
|
0-0: Ball 1-0: Called Strike 1-1: Ball 2-1: Foul Ball, location: 2F 2-2: Fly out, F9 (Flyball, 89D, EV 93.1 MPH)
|
|
Batting: RHB Roberto Aispuro
|
0-0: Ball 1-0: Foul Ball, location: 2F 1-1: Ball 2-1: Ball 3-1: Foul Ball, location: 2F 3-2: Strikes out looking
|
| Top of the 8th over - 0 runs, 0 hits, 0 errors, 0 left on base; Durham 2 - Tacoma 2 |
| BOTTOM OF THE 8TH |
|
Tacoma Rainiers batting - Pitching for Durham Bulls : RHP Ken Vandercook
|
|
Pitching: RHP Al Speer
|
|
|
Batting: LHB Addisu Nyamekye
|
0-0: Hit by Pitch
|
|
Batting: SHB Isaiah Cherry
|
0-0: Ball 1-0: Ground out 5-3 (Groundball, 5, EV 88.1 MPH) Addisu Nyamekye to second
|
|
Batting: RHB Chris Skaff
|
0-0: Ball 1-0: Ground out 2-3 (Groundball, 2R, EV 73.8 MPH) Addisu Nyamekye to third
|
|
Batting: LHB Ryan Lowe
|
0-0: Swinging Strike 0-1: Ball 1-1: Ground out 4-3 (Groundball, 4S, EV 81.2 MPH)
|
| Bottom of the 8th over - 0 runs, 0 hits, 0 errors, 1 left on base; Durham 2 - Tacoma 2 |
| TOP OF THE 9TH |
|
Durham Bulls batting - Pitching for Tacoma Rainiers : RHP Jose Albarran
|
|
Pitching: LHP Chad Dominey
|
|
|
Batting: RHB Sesto Carpini
|
0-0: Ball 1-0: Ground out 4-3 (Groundball, 34D, EV 84.4 MPH)
|
|
Batting: RHB Alex Diaz
|
0-0: Ball 1-0: Called Strike 1-1: Foul Ball, location: 2F 1-2: Ball 2-2: Foul Ball, location: 2F 2-2: Ball 3-2: Ground out 5-3 (Groundball, 56, EV 82.5 MPH)
|
|
Batting: LHB Davion Lewis
|
0-0: Ball 1-0: Swinging Strike 1-1: Ball 2-1: Ground out 3-1 (Groundball, 34S, EV 78.8 MPH)
|
| Top of the 9th over - 0 runs, 0 hits, 0 errors, 0 left on base; Durham 2 - Tacoma 2 |
| BOTTOM OF THE 9TH |
|
Tacoma Rainiers batting - Pitching for Durham Bulls : RHP Al Speer
|
|
Pitching: RHP Cody Wilharm
|
|
|
Batting: LHB Josh Pittman
|
0-0: Ball 1-0: Called Strike 1-1: Ball 2-1: Swinging Strike 2-2: Strikes out looking
|
|
Batting: RHB Zach Downs
|
0-0: Ground out 4-3 (Groundball, 4, EV 100.6 MPH)
|
|
Batting: LHB Jawad Fahad
|
0-0: Ball 1-0: Ball 2-0: Ball 3-0: Base on Balls
|
|
Batting: RHB Lamberto Amicis
|
0-0: Ball 1-0: Foul Ball, location: 2F 1-1: Foul Ball, location: 2F 1-2: Ball 2-2: Strikes out swinging
|
| Bottom of the 9th over - 0 runs, 0 hits, 0 errors, 1 left on base; Durham 2 - Tacoma 2 |
| TOP OF THE 10TH |
|
Durham Bulls batting - Pitching for Tacoma Rainiers : LHP Chad Dominey
|
|
Batting: RHB James Huddleston
|
0-0: Swinging Strike 0-1: Foul Ball, location: 2F 0-2: Ball 1-2: Strikes out swinging
|
|
Batting: RHB Jose Arriola
|
0-0: Fly out, F8 (Flyball, 89XD, EV 92.5 MPH)
|
|
Batting: RHB Kevin Benfield
|
0-0: Ball 1-0: Ball 2-0: Swinging Strike 2-1: Fly out, F7 (Line Drive, 7, EV 93.8 MPH)
|
| Top of the 10th over - 0 runs, 0 hits, 0 errors, 0 left on base; Durham 2 - Tacoma 2 |
| BOTTOM OF THE 10TH |
|
Tacoma Rainiers batting - Pitching for Durham Bulls : RHP Cody Wilharm
|
|
Pinch Hitting: RHB Marco Diaz
|
0-0: Called Strike 0-1: Swinging Strike 0-2: Strikes out swinging
|
|
Batting: LHB Addisu Nyamekye
|
0-0: Called Strike 0-1: Ground out 4-3 (Groundball, 4, EV 87.5 MPH)
|
|
Batting: SHB Isaiah Cherry
|
0-0: Ball 1-0: Ball 2-0: Ground out 4-3 (Groundball, 4, EV 81.2 MPH)
|
| Bottom of the 10th over - 0 runs, 0 hits, 0 errors, 0 left on base; Durham 2 - Tacoma 2 |
| TOP OF THE 11TH |
|
Durham Bulls batting - Pitching for Tacoma Rainiers : LHP Chad Dominey
|
|
Now in CF: Hideo Okimura
|
|
|
Pinch Hitting: RHB David Ward
|
0-0: Ball 1-0: Ball 2-0: Swinging Strike 2-1: Ground out 5-3 (Groundball, 56S, EV 86.2 MPH)
|
|
Batting: RHB Antonio Pacheco
|
0-0: Ball 1-0: Ground out 1-3 (Groundball, 13S, EV 71.9 MPH)
|
|
Batting: RHB Roberto Aispuro
|
0-0: Ball 1-0: Foul Ball, location: 2F 1-1: DOUBLE (Line Drive, 7LS, EV 100.0 MPH)
|
|
Batting: RHB Sesto Carpini
|
0-0: Called Strike 0-1: SINGLE (Flyball, 8LS, EV 92.5 MPH) Roberto Aispuro to third Runner from 3rd tries for Home, throw by CF and OUT! 8-2
|
| Top of the 11th over - 0 runs, 2 hits, 0 errors, 1 left on base; Durham 2 - Tacoma 2 |
| BOTTOM OF THE 11TH |
|
Tacoma Rainiers batting - Pitching for Durham Bulls : RHP Cody Wilharm
|
|
Now at 1B: David Ward
|
|
|
Now at 2B: Alex Diaz
|
|
|
Now at SS: Sesto Carpini
|
|
|
Batting: RHB Chris Skaff
|
0-0: Ball 1-0: Fly out, F8 (Flyball, 8LD, EV 99.4 MPH)
|
|
Batting: LHB Ryan Lowe
|
0-0: Ball 1-0: Ball 2-0: Ball 3-0: Called Strike 3-1: Base on Balls
|
|
Pitching: LHP Melvin Millan
|
|
|
Pinch Hitting: RHB Julian Gregory
|
0-0: Ball 1-0: Called Strike 1-1: Ball 2-1: Fielders Choice at 2nd, 4-6 (Groundball, 4, EV 80.6 MPH)
|
|
Batting: RHB Zach Downs
|
0-0: Ground out 1-3 (Groundball, 23, EV 60.6 MPH)
|
| Bottom of the 11th over - 0 runs, 0 hits, 0 errors, 1 left on base; Durham 2 - Tacoma 2 |
| TOP OF THE 12TH |
|
Durham Bulls batting - Pitching for Tacoma Rainiers : LHP Chad Dominey
|
|
Now in LF: Hideo Okimura
|
|
|
Now in CF: Julian Gregory
|
|
|
Batting: RHB Alex Diaz
|
0-0: Called Strike 0-1: Ball 1-1: Ground out 6-3 (Groundball, 6, EV 95.6 MPH)
|
|
Batting: LHB Davion Lewis
|
0-0: Foul Ball, location: 2F 0-1: Ball 1-1: Called Strike 1-2: Ball 2-2: Foul Ball, location: 2F 2-2: Foul Ball, location: 2F 2-2: Strikes out swinging
|
|
Batting: RHB James Huddleston
|
0-0: Called Strike 0-1: Foul Ball, location: 2F 0-2: Fly out, F8 (Line Drive, 8RM, EV 92.5 MPH)
|
| Top of the 12th over - 0 runs, 0 hits, 0 errors, 0 left on base; Durham 2 - Tacoma 2 |
| BOTTOM OF THE 12TH |
|
Tacoma Rainiers batting - Pitching for Durham Bulls : LHP Melvin Millan
|
|
Batting: LHB Jawad Fahad
|
0-0: Foul Ball, location: 2F 0-1: Ball 1-1: Ball 2-1: Ball 3-1: Foul Ball, location: 2F 3-2: Base on Balls
|
|
Batting: RHB Lamberto Amicis
|
0-0: Bunted foul 0-1: Bunted foul 0-2: Ball 1-2: Ball 2-2: Ball 3-2: Base on Balls Jawad Fahad to second
|
|
Batting: RHB Hideo Okimura
|
0-0: Grounds into double play, 3-6-1 (Groundball, 34S, EV 88.1 MPH) Jawad Fahad to third
|
|
Batting: LHB Addisu Nyamekye
|
0-0: Fly out, F4 (Line Drive, 4M, EV 73.8 MPH)
|
| Bottom of the 12th over - 0 runs, 0 hits, 0 errors, 1 left on base; Durham 2 - Tacoma 2 |
| TOP OF THE 13TH |
|
Durham Bulls batting - Pitching for Tacoma Rainiers : LHP Chad Dominey
|
|
Pitching: RHP David Lane
|
|
|
Batting: RHB Jose Arriola
|
0-0: SINGLE (Flyball, 5D, EV 96.9 MPH)
|
|
Batting: RHB Kevin Benfield
|
0-0: Ball 1-0: Called Strike 1-1: Foul Ball, location: 2F 1-2: Ball 2-2: Fly out, F8 (Line Drive, 89M, EV 90.6 MPH)
|
|
Batting: RHB David Ward
|
0-0: Called Strike 0-1: Ball 1-1: Ball 2-1: Fly out, F9 (Flyball, 89M, EV 96.9 MPH)
|
|
Batting: RHB Antonio Pacheco
|
0-0: Ball 1-0: Called Strike 1-1: Ball 2-1: Ball 3-1: Base on Balls Jose Arriola to second
|
|
Batting: RHB Roberto Aispuro
|
0-0: Called Strike 0-1: Swinging Strike 0-2: Ball 1-2: Ball 2-2: Ball 3-2: Base on Balls Jose Arriola to third Antonio Pacheco to second
|
|
Batting: RHB Sesto Carpini
|
0-0: Called Strike 0-1: Ball 1-1: Ground out 4-3 (Groundball, 4, EV 89.4 MPH)
|
| Top of the 13th over - 0 runs, 1 hit, 0 errors, 3 left on base; Durham 2 - Tacoma 2 |
| BOTTOM OF THE 13TH |
|
Tacoma Rainiers batting - Pitching for Durham Bulls : LHP Melvin Millan
|
|
Batting: SHB Isaiah Cherry
|
0-0: Called Strike 0-1: Ball 1-1: Ground out 4-3 (Groundball, 34, EV 103.1 MPH)
|
|
Batting: RHB Chris Skaff
|
0-0: Ball 1-0: Called Strike 1-1: SOLO HOME RUN (Line Drive, 8LXD, EV 105.0 MPH), Distance : 446 ft
|
| Bottom of the 13th over - 1 run, 1 hit, 0 errors, 0 left on base; Durham 2 - Tacoma 3 |
|